Map: Lightshade LE

Players

A.I. 1 (Very Easy)

  • Race: Terran Terran

kyama

  • Race: Zerg Zerg
  • League: Platinum

VOD

Have the link to the VOD?

Description

Time

  • Played on: Oct. 9, 2021, 4:33 p.m.
  • Length: 7:28
Show
View Real Time Build Order
Export as new Build Order

A.I. 1 (Very Easy) Terran 

Build Orders:  

Get SALT Encoding   

  12  0:00  SCV  
  13  0:13  SCV  
  14  0:18  Supply Depot  
  14  0:37  Refinery  
  14  0:42  Barracks  
  14  1:03  Supply Depot  
  14  1:11  Refinery  
  14  1:29  Barracks Tech Lab, Orbital Command  
  14  1:47  Marine  
  15  1:55  SCV  
  16  2:07  SCV  
  17  2:19  SCV  
  18  2:31  SCV, Marine  
  20  2:43  SCV  
  21  2:55  SCV  
  22  3:15  Marauder  
  24  6:31  SCV  
  25  6:32  Marine  
  25  6:34  Supply Depot  
  25  6:36  Factory  
  25  6:39  Command Center  
  26  6:44  SCV  
  27  6:56  SCV  
  27  6:57  Supply Depot  
  28  7:04  Marine  
  29  7:21  Starport  
Show
View Real Time Build Order
Export as new Build Order

kyama Zerg 

Build Orders: Hatch First 

Get SALT Encoding   

  12  0:01  Drone  
  13  0:13  Overlord  
  13  0:17  Drone  
  14  0:31  Drone x2  
  16  0:50  Hatchery  
  16  0:53  Drone  
  16  0:57  Drone  
  16  1:00  Drone  
  18  1:15  Spawning Pool  
  18  1:18  Drone  
  18  1:21  Drone  
  19  1:42  Hatchery  
  19  1:46  Drone  
  19  1:50  Overlord  
  19  2:03  Queen  
  19  2:08  Queen  
  23  2:11  Drone  
  24  2:22  Drone x3  
  27  2:25  Drone  
  27  2:26  Drone  
  29  2:30  Drone  
  29  2:35  Drone x2  
  32  2:46  Overlord  
  32  2:47  Overlord  
  32  2:54  Drone  
  32  2:55  Queen  
  35  3:02  Drone x2  
  37  3:08  Extractor  
  37  3:10  Extractor, Drone x3  
  38  3:19  Drone x7  
  45  3:22  Drone  
  46  3:27  Overlord x2  
  46  3:42  Drone x3  
  49  3:56  Drone  
  49  3:57  Roach Warren, Drone x2  
  49  3:58  Drone x2  
  53  4:05  Lair  
  53  4:11  Drone x5  
  58  4:17  Drone  
  58  4:21  Drone  
  58  4:22  Drone  
  58  4:23  Overlord  
  61  4:24  Overlord, Drone  
  61  4:30  Extractor  
  61  4:32  Extractor  
  61  4:36  Evolution Chamber  
  59  4:50  Roach x9  
  77  4:58  Drone x3  
  80  5:11  Glial Reconstitution  
  80  5:17  Zerg Missile Weapons Level 1  
  80  5:20  Drone  
  81  5:29  Drone x9  
  81  5:30  Overlord x2  
  81  5:31  Overlord  
  90  5:44  Overlord x2  
  90  5:46  Hatchery  
  89  5:51  Drone  
  89  5:53  Roach x8  
  89  5:55  Overlord x3  
  89  5:56  Overlord  
  106  6:04  Metabolic Boost  
  106  6:11  Hydralisk Den  
  105  6:22  Roach  
  105  6:23  Roach x11  
  129  6:32  Roach x3  
  135  6:33  Roach  
  135  6:39  Overlord x2  
  137  6:47  Extractor x2  
  136  6:50  Overlord  
  136  6:51  Roach  
  136  6:52  Roach x5  
  147  6:55  Roach x3  
  147  6:56  Hatchery  
  147  7:01  Roach  
  154  7:06  Roach x2  
  154  7:07  Roach x2  
Tags
 
Add a new tag
Caveats
  • Supply blocks, unpowered buildings, or Contaminate may cause inaccurate times.
  • Supply counts are checked every 10 seconds.